 Dungeon Crawl Stone Soup version 0.30-a0-586-g23e55c9e0a (webtiles) character file.

Game seed: 3990827611054159457

207 Dirtsage the Slasher (level 5, -2/38 HPs)
             Began as a Demonspawn Warper on Jan 3, 2023.
             Slain by an iguana (7 damage)
             ... on level 4 of the Dungeon.
             The game lasted 00:06:08 (3285 turns).

Dirtsage the Slasher (Demonspawn Warper)            Turns: 3285, Time: 00:06:09

Health: -2/38      AC:  8    Str: 11    XL:     5   Next: 54%
Magic:  8/8        EV: 11    Int: 14    God:
Gold:   170        SH:  0    Dex: 15    Spells: 8/8 levels left

rFire   . . .      SeeInvis .    a - +0 falchion
rCold   . . .      Faith    .    (no shield)
rNeg    . . .      Spirit   .    b - +0 leather armour
rPois   .          Reflect  .    h - +0 helmet
rElec   .          Harm     .    (no cloak)
rCorr   .          Rampage  .    n - +0 pair of gloves
Will    .....                    (no boots)
Stlth   +                        r - amulet of magic regeneration
HPRegen 0.26/turn                (no ring)
MPRegen 0.51/turn                (no ring)

@: no status effects
A: hooves 1, molten scales 2
a: no special abilities


You were on level 4 of the Dungeon.
You visited 1 branch of the dungeon, and saw 4 of its levels.

You collected 170 gold pieces.

Inventory:

Hand Weapons
 a - a +0 falchion (weapon)
Missiles
 c - 4 atropa-tipped darts
 d - 7 boomerangs of dispersal (quivered)
Armour
 b - a +0 leather armour (worn)
 e - a +0 pair of boots
 h - a +0 helmet (worn)
 n - a +0 pair of gloves (worn)
Jewellery
 r - an amulet of magic regeneration (around neck)
Scrolls
 f - a scroll of enchant weapon
 i - 2 scrolls of identify
 k - a scroll of enchant armour {unknown}
 o - a scroll of butterflies {unknown}
 p - 2 scrolls of teleportation {unknown}
 B - 4 scrolls of blinking
Potions
 g - a potion of attraction {unknown}
 j - a potion of flight
 l - 3 potions of heal wounds
 q - a potion of curing
 s - a potion of haste {unknown}
 t - 2 potions of might {unknown}
Miscellaneous
 m - a lightning rod (4/4)


   Skills:
 - Level 2.0 Fighting
 * Level 5.3 Long Blades
 + Level 0.8 Throwing
 - Level 0.8 Armour
 - Level 1.7 Dodging
 - Level 2.0 Spellcasting
 - Level 2.6 Translocations
 + Level 0.0 Evocations


You had 8 spell levels left.
You didn't know any spells.
Your spell library contained the following spells:

 Spells                   Type           Power      Damage    Failure   Level
 Apportation              Tloc           16%        N/A       11%         1
 Blink                    Tloc           16%        N/A       16%         2
 Lesser Beckoning         Tloc           16%        N/A       30%         3
 Teleport Other           Tloc           8%         N/A       30%         3
 Vhi's Electric Charge    Tloc/Air       10%        N/A       47%         3
 Tukima's Dance           Hex            1%         N/A       67%         3
 Manifold Assault         Tloc           8%         N/A       71%         4
 Passage of Golubria      Tloc           8%         N/A       71%         4
 Alistair's Intoxication  Tmut/Pois      0%         N/A       100%        5
 Yara's Violent Unravell  Hex/Tmut       0%         3d3       100%        5


Dungeon Overview and Level Annotations

Branches:
Dungeon (4/15)
 Temple: D:4-7

Altars:
Cheibriados

Shops:
D:3 *

Annotations:
D:4 3 runed translucent doors, Edmund; ma3's ghost, amateur MfEn


Innate Abilities, Weirdness & Mutations

You have large cloven feet.
You are mostly covered in molten scales. (AC +3)


Message History

A ball python comes into view.
The ball python closely misses you. The ball python grabs you.
The ball python constricts you.
You take 1 damage, and have 37/38 hp.
You hit the ball python.
You kill the ball python!
Health restored: 38
Found a stone staircase leading down.
There is a stone staircase leading down here.
Found an escape hatch in the floor.
There is an escape hatch in the floor here.
An iguana and a hound come into view.
The iguana hisses angrily.
The hound barks!
You slash the iguana!
The iguana is heavily wounded.
The iguana bites you!
You take 10 damage, and have 28/38 hp.
MASSIVE DAMAGE!!
You barely miss the iguana. Your kick misses the iguana.
The iguana is heavily wounded.
The iguana bites you!
You take 8 damage, and have 20/38 hp.
MASSIVE DAMAGE!!
You hit the iguana but do no damage.
The iguana is heavily wounded.
The iguana bites you but does no damage.
You hit the iguana but do no damage. You kick the iguana.
The iguana is severely wounded.
The iguana bites you!
You take 8 damage, and have 12/38 hp.
MASSIVE DAMAGE!!
You barely miss the iguana. You kick the iguana, but do no damage.
The iguana is severely wounded.
The iguana completely misses you.
You hit the iguana.
The iguana is severely wounded.
The iguana closely misses you. The iguana bites you!
* * * LOW HITPOINT WARNING * * *
You take 8 damage, and have 4/38 hp.
MASSIVE DAMAGE!!
You barely miss the iguana.
The iguana is severely wounded.
The iguana bites you!
You die...

## #...#.#..#### .#
#...#.#..###### ..#
......#.......# ...
..##.####.# ...
+...>.#.# ...
...####.##.# ...
#.........# #..
#######.####.######
##.
#.@...#......#.....
.##
#l###.####.#.#.####
..##
#h#..........#.# #
...##
#.#######.####.# #
.#..#
#..........>...####
#####
#....####.######...
.. #.......... ##
#..#####.#. #..#
...#.


You could see an iguana and a hound.

Vanquished Creatures
  Natasha (thrice) (D:2)
  Robin (D:2)
  A gnoll (D:4)
  4 adders
  A worm (D:2)
  2 dart slugs (D:3)
  An orc (D:3)
  4 bats
  5 endoplasms
  2 giant cockroaches (D:1)
  7 goblins
  10 hobgoblins
  4 jackals
  4 quokkas
  7 ball pythons
  6 kobolds
  7 rats
69 creatures vanquished.

Notes
Turn   | Place    | Note
-------+----------+-------------------------------------------
     0 | D:1      | Dirtsage the Demonspawn Warper began the quest for the Orb.
     0 | D:1      | Reached XP level 1. HP: 16/16 MP: 3/3
    33 | D:1      | Reached skill level 2 in Long Blades
   192 | D:1      | Gained mutation: You have large cloven feet. [demonic
                  | ancestry]
   192 | D:1      | Reached XP level 2. HP: 22/22 MP: 5/5
   732 | D:1      | Reached skill level 3 in Long Blades
   886 | D:2      | You fall into a shaft and drop 2 floors!
   905 | D:4      | Reached XP level 3. HP: 5/27 MP: 6/6
  1035 | D:4      | Noticed Edmund
  1059 | D:4      | Found a runed translucent gate.
  1059 | D:4      | Found a runed translucent gate.
  1059 | D:4      | Noticed ma3's ghost (amateur MfEn)
  1060 | D:4      | Found a runed translucent gate.
  1090 | D:3      | Found Kuqiag's Assorted Antiques.
  1209 | D:2      | Noticed Natasha
  1659 | D:2      | Gained mutation: You are partially covered in molten
                  | scales. (AC +2) [demonic ancestry]
  1659 | D:2      | Reached XP level 4. HP: 29/33 MP: 7/7
  1661 | D:2      | Reached skill level 4 in Long Blades
  1664 | D:2      | Noticed Robin
  1688 | D:2      | Killed Robin
  2030 | D:2      | Killed Natasha
  2148 | D:2      | Noticed Natasha
  2167 | D:2      | Killed Natasha
  2168 | D:2      | Reached skill level 5 in Long Blades
  2168 | D:2      | Gained mutation: You are mostly covered in molten scales.
                  | (AC +3) [demonic ancestry]
  2168 | D:2      | Reached XP level 5. HP: 32/38 MP: 8/8
  2350 | D:2      | Noticed Natasha
  2364 | D:2      | Killed Natasha
  3011 | D:3      | Found a snail-covered altar of Cheibriados.
  3285 | D:4      | Slain by an iguana

Illustrated notes

Levels and vault maps discovered:
D:1:      ncdulo_smallfort, layout_basic, chequers_garden, serial_bayou_pond_a
D:2:      layout_loops_ring, nicolae_figureground_sparkle, uniq_robin,
          uniq_natasha
D:3:      layout_loops_ring, overflow_temple_1_default, serial_shops,
          nicolae_shop_waterfront, small_statue_intersection,
          chequers_serial_rivers_room_b, hangedman_decor_peaks_small,
          minmay_checkerbox
D:4:      minmay_razor_zed, layout_basic, gammafunk_temple_overflow_statue,
          mainiacjoe_overflow_big_doors, ebering_ghost_rock_garden, st_stairs_9,
          kennysheep_generic_room_9, uniq_edmund

Skill      XL: |  1  2  3  4 |
---------------+-------------+-----
Long Blades    | 2 3 5 |  5.3
Fighting       | |  2.0
Throwing       | |  0.8
Armour         | |  0.8
Dodging        | |  1.7
Spellcasting   | |  2.0
Translocations | |  2.6

Action                   |  1- 3 |  4- 6 || total
-------------------------+-------+-------++-------
Melee: Falchion          |   113 |   117 ||   230
       Kick              |    20 |    31 ||    51
       Punch             |       |     4 ||     4
  Use: Potion            |     1 |       ||     1
       Scroll            |     3 |       ||     3
 Stab: Sleeping          |       |     1 ||     1
Armor: Leather armour    |    31 |    33 ||    64
Dodge: Dodged            |    65 |    45 ||   110

Table legend: (Time is in decaauts)
 A = Elapsed time spent in this place.
 B = Non-inter-level travel time spent in this place.
 C = Inter-level travel time spent in this place.
 D = Time resting spent in this place.
 E = Time spent auto-exploring this place.
 F = Levels seen in this place.
 G = Mean time per level.
                   A        B        C        D        E       F      G
               +--------+--------+--------+--------+--------+-----+--------+
         Total |   3313 |   3263 |     50 |    219 |   2435 |   4 |  828.2 |
       Dungeon |   3313 |   3263 |     50 |    219 |   2435 |   4 |  828.2 |
               +--------+--------+--------+--------+--------+-----+--------+

Top non-repeatable levels by time:
     D:2: 1235 daAuts
     D:3: 911 daAuts
     D:1: 872 daAuts
     D:4: 293 daAuts
